Map: Emerald City CE

Players

Ekelpack

  • Race: Zerg Zerg
  • Spawn Location: 11:00

Nyck

  • Race: Terran Terran
  • Spawn Location: 11:00

Antarez

  • Race: Zerg Zerg
  • Spawn Location: 5:00

Ceratrexx

  • Race: Protoss Protoss
  • Spawn Location: 5:00

VOD

Have the link to the VOD?

Description

Time

  • Played on: Jan. 29, 2025, 2:57 p.m.
  • Length: 13:26
Show
View Real Time Build Order
Export as new Build Order

Ekelpack Zerg 

Build Orders: Hatch First 

Get SALT Encoding   

  12  0:00  Drone  
  13  0:12  Overlord  
  13  0:17  Drone  
  14  0:30  Drone  
  14  0:31  Drone  
  14  0:34  Drone  
  17  0:45  Drone  
  18  0:57  Hatchery  
  18  0:59  Drone  
  18  1:02  Extractor  
  17  1:13  Spawning Pool  
  17  1:16  Drone  
  17  1:21  Drone  
  18  1:36  Drone  
  18  1:39  Overlord, Extractor  
  18  1:50  Drone  
  19  2:02  Drone, Queen  
  22  2:09  Queen  
  22  2:13  Drone  
  25  2:18  Drone  
  25  2:22  Drone  
  27  2:24  Drone  
  28  2:32  Metabolic Boost  
  28  2:34  Drone  
  29  2:41  Lair  
  29  2:45  Drone  
  29  2:50  Drone  
  31  2:52  Drone  
  31  2:55  Drone  
  31  2:56  Drone  
  34  3:03  Overlord  
  34  3:07  Drone  
  34  3:09  Extractor  
  34  3:13  Drone  
  34  3:16  Drone  
  34  3:18  Overlord  
  36  3:27  Drone x3  
  36  3:33  Drone, Extractor  
  39  3:41  Spire  
  39  3:43  Zergling x6  
  39  3:45  Drone  
  42  3:50  Zergling x6  
  45  3:56  Drone x3  
  45  3:59  Drone  
  49  4:09  Overlord  
  49  4:11  Drone  
  50  4:40  Overlord  
  50  4:42  Overlord  
  50  4:58  Mutalisk x7  
  50  4:59  Mutalisk x2  
  68  5:00  Overlord x3  
  68  5:25  Zerg Flyer Weapons Level 1  
  68  5:29  Hatchery  
  68  5:31  Queen  
  67  5:53  Mutalisk x3  
  67  5:54  Zergling x4  
  67  5:55  Zergling x14  
  80  6:41  Mutalisk x3  
  80  6:42  Mutalisk x3  
  92  6:53  Overlord x3  
  92  6:54  Overlord x2  
  90  7:10  Queen  
  88  7:18  Mutalisk x4  
  88  7:19  Zerg Flyer Armor Level 1  
  88  7:20  Zergling x8  
  100  7:34  Drone  
  100  7:35  Drone x2  
  100  7:36  Drone x4  
  107  7:48  Drone x4  
  107  7:49  Drone  
  112  7:52  Extractor  
  112  7:54  Extractor  
  110  7:58  Mutalisk x2  
  110  7:59  Mutalisk  
  76  8:41  Mutalisk x4  
  74  8:42  Zergling x6  
  74  8:43  Zergling x10  
  85  8:54  Overlord  
  85  8:55  Overlord x3  
  82  9:02  Drone x5  
  86  9:04  Spore Crawler x2  
  82  9:16  Mutalisk x3  
  73  9:32  Spore Crawler  
  73  9:33  Spore Crawler  
  73  9:38  Spore Crawler  
  70  9:45  Mutalisk x5  
  68  9:49  Queen  
  78  9:53  Zergling x4  
  78  9:54  Zergling x4  
  82  10:05  Drone  
  82  10:06  Drone x2  
  84  10:17  Mutalisk x3  
  88  10:36  Drone x2  
  88  10:40  Mutalisk x4  
  88  10:42  Drone x2  
  100  10:43  Drone  
  87  11:07  Extractor  
  67  11:18  Mutalisk x2  
  67  11:19  Mutalisk x3  
  67  11:25  Zergling x10  
  68  11:26  Zergling x6  
  62  11:51  Zergling x8  
  62  11:52  Zergling x8  
  64  12:06  Mutalisk x2  
  64  12:07  Mutalisk  
  69  12:14  Mutalisk  
  71  12:18  Spore Crawler  
  71  12:19  Spore Crawler  
  69  12:26  Spore Crawler  
  63  12:30  Spore Crawler  
  63  12:31  Spore Crawler  
  63  12:32  Spore Crawler  
  42  12:48  Drone  
  42  12:51  Drone  
  42  12:58  Hydralisk Den  
  41  13:02  Evolution Chamber  
Show
View Real Time Build Order
Export as new Build Order

Nyck Terran 

Build Orders:  

Get SALT Encoding   

  12  0:00  SCV  
  13  0:12  SCV  
  14  0:23  Supply Depot  
  14  0:24  SCV  
  15  0:44  SCV  
  15  0:48  Barracks  
  16  0:50  Barracks  
  16  0:56  SCV  
  17  1:09  SCV  
  18  1:11  Refinery  
  18  1:22  Supply Depot, SCV  
  19  1:39  Orbital Command  
  19  1:52  Barracks  
  19  1:55  Marine  
  19  2:00  Reaper  
  21  2:05  SCV  
  22  2:14  Barracks Tech Lab  
  22  2:18  SCV  
  23  2:30  SCV  
  24  2:43  SCV, Marine x2  
  24  2:44  Marine  
  27  2:49  Command Center  
  27  2:50  Refinery  
  28  3:02  Supply Depot  
  28  3:06  SCV, Marine x2  
  31  3:23  Marine  
  31  3:24  SCV  
  33  3:28  Supply Depot  
  33  3:34  Barracks Reactor  
  33  3:35  Barracks Reactor  
  33  3:43  SCV  
  33  3:44  Marine, Engineering Bay  
  35  3:55  SCV  
  35  3:59  Combat Shield  
  35  4:02  Marine  
  37  4:10  SCV, Factory  
  37  4:13  Terran Infantry Weapons Level 1  
  37  4:14  Marine x4  
  42  4:19  Orbital Command  
  42  4:24  Refinery  
  42  4:25  SCV  
  42  4:30  Marine  
  44  4:35  Marine x2  
  44  4:37  SCV  
  47  4:46  SCV  
  48  4:53  SCV  
  48  4:55  Marine x3  
  48  4:56  Marine x2  
  54  5:01  Starport  
  54  5:07  Factory Reactor  
  54  5:12  SCV x2  
  56  5:14  Refinery  
  56  5:27  Stimpack  
  56  5:28  Marine x4  
  56  5:33  Marine  
  61  5:43  SCV  
  62  5:51  Supply Depot  
  62  5:52  Command Center  
  62  6:12  SCV x2, Marine x4, Medivac  
  62  6:15  Supply Depot  
  62  6:17  Terran Infantry Armor Level 1  
  70  6:24  Marine, Armory  
  69  6:25  Medivac  
  69  6:32  SCV x2  
  64  6:40  Missile Turret  
  64  6:42  Marine x2  
  57  6:53  SCV x2  
  58  7:00  Marine x2  
  60  7:01  Marine  
  60  7:05  SCV  
  60  7:07  SCV  
  63  7:13  Medivac  
  65  7:17  SCV  
  65  7:19  SCV  
  65  7:21  Marine  
  68  7:23  Marine  
  68  7:29  SCV  
  70  7:31  SCV, Engineering Bay  
  71  7:37  Missile Turret  
  70  7:56  SCV x2  
  72  7:58  Terran Infantry Weapons Level 2  
  72  8:08  SCV x2, Marine x3  
  77  8:19  SCV  
  78  8:20  SCV x2  
  78  8:21  Viking  
  82  8:31  SCV  
  80  8:52  Marine  
  80  8:53  Marine x4  
  85  9:06  Medivac x2  
  89  9:10  Marine  
  89  9:11  Marine x3  
  93  9:18  Marine  
  92  9:28  Marine  
  93  9:46  Marine  
  93  10:01  SCV  
  78  10:24  SCV  
  78  10:27  Marine  
  78  10:29  SCV  
  77  10:59  Marine  
  77  11:00  Supply Depot  
  78  11:04  Engineering Bay  
  78  11:21  SCV, Marine x3, Medivac x2  
  78  11:22  Supply Depot  
  86  11:43  SCV x2, Marine x5  
  86  11:44  Supply Depot  
  93  11:55  SCV  
  93  11:58  SCV  
  93  12:01  Marine  
  94  12:02  Marine  
  94  12:04  Marine x2  
  94  12:05  Marine, Medivac  
  90  12:19  Marine  
  90  12:20  Marine  
  90  12:21  Marine  
  86  12:30  Marine  
  86  12:42  Marine x3  
  48  13:00  Marine  
Show
View Real Time Build Order
Export as new Build Order

Antarez Zerg 

Build Orders: Hatch First 

Get SALT Encoding   

  12  0:02  Drone  
  13  0:10  Drone  
  14  0:20  Extractor x2  
  12  0:22  Drone x2  
  16  0:44  Hatchery  
  15  0:50  Overlord  
  15  1:04  Spawning Pool  
  15  1:06  Extractor  
  15  1:09  Drone  
  14  1:14  Drone  
  15  1:19  Drone  
  16  1:28  Drone  
  17  1:33  Drone  
  18  1:42  Drone  
  19  1:54  Queen  
  19  1:59  Drone x2  
  23  2:09  Overlord x2  
  23  2:12  Metabolic Boost  
  23  2:16  Zergling x2  
  24  2:26  Drone x2  
  26  2:48  Drone  
  26  2:49  Drone x2  
  26  2:50  Hatchery  
  26  2:51  Drone  
  29  2:52  Drone  
  30  3:05  Lair  
  30  3:08  Drone x2  
  30  3:09  Extractor  
  30  3:24  Drone x5  
  35  3:31  Drone  
  36  3:35  Extractor  
  36  3:37  Extractor  
  33  3:41  Zergling x2  
  33  3:44  Drone x2  
  33  3:46  Queen  
  38  3:49  Drone  
  39  3:57  Drone  
  40  4:02  Overlord  
  40  4:05  Spire  
  40  4:09  Drone x2  
  42  4:10  Drone x2  
  42  4:12  Drone  
  44  4:19  Zergling x6  
  46  4:24  Zergling x2  
  46  4:29  Zergling x2  
  48  4:36  Zergling x8  
  52  4:38  Zergling x2  
  53  4:56  Overlord x2  
  53  5:12  Overlord  
  53  5:17  Mutalisk  
  53  5:18  Mutalisk x6  
  53  5:19  Mutalisk  
  69  5:24  Mutalisk  
  63  5:37  Mutalisk  
  64  5:45  Drone x4  
  68  5:52  Mutalisk x2  
  68  5:54  Drone x3  
  68  5:55  Drone  
  76  6:05  Mutalisk  
  78  6:13  Drone x4  
  78  6:14  Overlord x2  
  78  6:15  Extractor  
  78  6:16  Extractor  
  78  6:18  Mutalisk  
  82  6:53  Mutalisk x5  
  92  7:04  Drone  
  92  7:05  Drone x3  
  96  7:16  Mutalisk  
  96  7:19  Overlord x3  
  96  7:20  Overlord x2  
  98  7:32  Hatchery  
  97  7:47  Mutalisk x6  
  109  7:56  Drone x5  
  114  8:00  Zerg Flyer Weapons Level 1  
  114  8:03  Mutalisk  
  116  8:05  Zergling x2  
  116  8:06  Zergling x2  
  108  8:42  Mutalisk  
  108  8:43  Mutalisk x5  
  118  9:03  Zergling x2  
  118  9:04  Zergling x14  
  124  9:32  Mutalisk  
  124  9:33  Mutalisk x7  
  138  9:50  Mutalisk  
  138  9:51  Mutalisk x2  
  132  10:21  Mutalisk  
  132  10:22  Mutalisk x5  
  144  10:42  Overlord x4  
  144  10:43  Overlord  
  114  11:22  Mutalisk x7  
  114  11:23  Mutalisk x2  
  128  11:36  Drone x6  
  134  11:40  Queen  
  136  11:48  Mutalisk x3  
  136  11:51  Queen  
  144  11:58  Baneling Nest  
  143  12:16  Mutalisk  
  143  12:17  Mutalisk x3  
  143  12:19  Overlord x4  
  151  12:48  Baneling  
  151  12:49  Baneling x13  
  151  12:52  Zergling x20  
Show
View Real Time Build Order
Export as new Build Order

Ceratrexx Protoss 

Build Orders:  

Get SALT Encoding   

  12  0:01  Probe  
  13  0:13  Probe  
  14  0:22  Pylon  
  14  0:27  Probe  
  15  0:36  Probe  
  16  0:43  Gateway  
  16  0:44  Probe  
  17  0:54  Probe  
  18  0:57  Assimilator  
  18  1:03  Probe  
  18  1:07  Assimilator  
  18  1:08  Pylon  
  19  1:11  Probe  
  20  1:20  Probe  
  21  1:32  Cybernetics Core  
  21  1:37  Probe  
  21  1:49  Probe  
  22  1:54  Gateway  
  22  1:56  Gateway  
  22  1:59  Warp Gate  
  22  2:02  Gateway  
  23  2:11  Stalker  
  24  2:17  Probe  
  25  2:29  Probe  
  26  2:31  Pylon  
  26  2:43  Stalker, Probe  
  27  2:47  Stalker  
  31  2:54  Sentry  
  31  2:57  Sentry  
  35  2:58  Probe  
  36  3:11  Probe  
  37  3:27  Probe  
  38  3:39  Probe  
  39  3:52  Forge  
  39  3:55  Nexus  
  39  3:56  Pylon  
  39  4:10  Protoss Ground Weapons Level 1  
  39  4:11  Pylon  
  39  4:16  Stalker x2  
  43  4:17  Stalker  
  43  4:18  Sentry  
  46  4:35  Photon Cannon  
  46  4:39  Photon Cannon  
  46  4:46  Probe  
  47  5:06  Probe  
  48  5:10  Shield Battery  
  48  5:13  Shield Battery  
  48  5:15  Probe, Photon Cannon  
  48  5:20  Photon Cannon  
  49  5:23  Probe  
  50  5:33  Probe  
  50  5:34  Pylon  
  50  5:42  Photon Cannon  
  51  5:45  Photon Cannon  
  51  5:47  Shield Battery  
  51  5:53  Photon Cannon  
  51  5:58  Assimilator, Protoss Ground Armor Level 1, Probe  
  52  6:07  Twilight Council  
  52  6:10  Probe  
  53  6:12  Stalker  
  53  6:13  Stalker  
  57  6:36  Stalker  
  57  6:37  Stalker x3  
  63  6:51  Photon Cannon x2  
  63  6:57  Twilight Council, Probe  
  64  7:05  Probe  
  64  7:15  Probe  
  65  7:18  Stalker x2  
  65  7:19  Nexus  
  65  7:20  Sentry, Pylon  
  72  7:23  Pylon  
  72  7:30  Probe  
  73  7:38  Probe  
  73  7:42  Assimilator  
  73  7:43  Photon Cannon  
  74  7:45  Photon Cannon  
  74  7:48  Photon Cannon  
  74  7:54  Stalker x2  
  74  7:57  Stalker  
  64  8:41  Protoss Ground Weapons Level 2  
  52  8:52  Probe  
  40  8:58  Probe, Photon Cannon  
  40  9:00  Shield Battery, Probe  
  42  9:04  Stalker x4  
  42  9:05  Shield Battery  
  42  9:06  Probe  
  42  9:07  Blink  
  51  9:10  Probe  
  51  9:16  Gateway, Probe  
  53  9:17  Gateway  
  53  9:19  Gateway  
  53  9:20  Pylon  
  53  9:22  Probe  
  55  9:29  Assimilator  
  55  9:32  Assimilator  
  55  9:34  Probe, Pylon  
  56  9:42  Stalker x3  
  62  9:46  Probe  
  63  9:55  Probe x2  
  65  10:03  Probe x2  
  65  10:04  Stalker  
  65  10:05  Stalker  
  65  10:07  Stalker  
  72  10:11  Probe  
  72  10:13  Probe  
  73  10:16  Robotics Facility  
  73  10:20  Robotics Facility, Pylon  
  75  10:23  Stalker x3  
  75  10:26  Stalker  
  83  10:35  Stalker x2  
  87  10:36  Stalker  
  89  10:55  Probe  
  90  11:07  Probe  
  90  11:10  Robotics Bay  
  91  11:16  Nexus  
  91  11:17  Pylon  
  91  11:19  Pylon  
  87  11:44  Stalker x3  
  87  11:45  Stalker x4  
  97  12:28  Stalker x4  
  97  12:29  Stalker x3  
  100  12:57  Stalker x4  
  100  12:58  Stalker x3  
Tags
 
Add a new tag
Caveats
  • Supply blocks, unpowered buildings, or Contaminate may cause inaccurate times.
  • Supply counts are checked every 10 seconds.